 Dungeon Crawl Stone Soup version 0.31-a0-986-g5e6e4ef867 (webtiles) character file.

Game seed: 17595909106252473460

4895 foggymo the Basher (level 10, -1/61 HPs)
             Began as a Tengu Reaver on Nov 5, 2023.
             Was a High Priest of Elyvilon.
             Slain by a yak (7 damage)
             ... on level 8 of the Dungeon on Nov 6, 2023.
             The game lasted 01:18:20 (6107 turns).

foggymo the Basher (Tengu Reaver)                   Turns: 6107, Time: 01:18:20

Health: -1/61      AC: 19    Str: 15    XL:     10   Next: 51%
Magic:  14/14      EV: 12    Int: 14    God:    Elyvilon [*****.]
Gold:   184        SH:  4    Dex: 14    Spells: 2/13 levels left

rFire   . . .        L - +5 morningstar (protect)
rCold   + . .        W - +0 buckler
rNeg    . . .        X - +0 chain mail
rPois   +            (helmet restricted)
rElec   .            r - +0 cloak
rCorr   .            i - +0 pair of gloves
SInv    .            (boots unavailable)
Will    .....        F - amulet of the acrobat Stlth
                     E - ring of protection from cold
HPRegen 0.30/turn    m - ring of poison resistance
MPRegen 0.14/turn

%: acrobat
@: under a protective aura, flying
A: beak, talons 3, evasive flight, acrobatic
a: Renounce Religion, Purification, Heal Other, Heal Self, Divine Vigour


You were on level 8 of the Dungeon.
You worshipped Elyvilon.
Elyvilon was extremely pleased with you.
You visited 2 branches of the dungeon, and saw 9 of its levels.
You also visited: Ossuary.

You collected 379 gold pieces.
You spent 195 gold pieces at shops.

Inventory:

Hand Weapons
 s - a +0 shortbow
 w - a +2 short sword of speed
 z - a +2 dagger of speed
 A - a +0 club
 I - a +4 quarterstaff of chaos
 L - a +5 morningstar of protection (weapon)
 U - a +1 sling of flaming
Missiles
 c - 2 silver javelins
 d - 79 stones
 o - 3 poisoned darts
 p - 7 boomerangs
 v - 2 curare-tipped darts
Armour
 i - a +0 pair of gloves (worn)
 r - a +0 cloak (worn)
 y - the +2 hat of Ysiaduots {MP+9 Str-5 Stlth+}
   (You found it on level 3 of the Dungeon)

   Str-5:     It affects your strength (-5).
   MP+9:      It affects your magic capacity (+9).
   Stlth+:    It makes you more stealthy.
 W - a +0 buckler (worn)
 X - a +0 chain mail (worn)
 Z - a +0 robe of resistance
Magical Staves
 l - a staff of cold
Jewellery
 m - a ring of poison resistance (right hand)
 t - a ring of flight
 B - a ring of magical power
 E - a ring of protection from cold (left hand)
 F - an amulet of the acrobat (around neck)
 G - an amulet of magic regeneration
Wands
 f - a wand of flame (29) (quivered)
 H - a wand of polymorph (3)
Scrolls
 a - a scroll of blinking
 j - 3 scrolls of fog
 k - 2 scrolls of vulnerability
 n - 3 scrolls of amnesia
 q - 2 scrolls of revelation {unknown}
 K - a scroll of torment {unknown}
 N - 5 scrolls of teleportation
 O - 2 scrolls of immolation
 Q - 2 scrolls of enchant armour {unknown}
 T - a scroll of noise {unknown}
Potions
 b - 2 potions of attraction
 e - a potion of might {unknown}
 g - 3 potions of resistance
 h - 5 potions of lignification
 u - 4 potions of enlightenment
 x - a potion of brilliance {unknown}
 C - 3 potions of curing
 D - 2 potions of heal wounds
 P - 2 potions of magic
 R - 3 potions of mutation
 S - a potion of haste {unknown}
 Y - a potion of degeneration {unknown}


   Skills:
 + Level 6.6 Fighting
 + Level 6.0(9.0) Axes
 + Level 9.4(10.2) Maces & Flails
 + Level 3.9(5.5) Polearms
 + Level 1.1 Ranged Weapons
 + Level 6.4 Armour
 + Level 5.1 Dodging
 + Level 1.2 Stealth
 + Level 1.6 Shields
 + Level 2.0 Spellcasting
 + Level 4.4 Conjurations
 + Level 1.3 Invocations
 + Level 2.9 Evocations


You had 2 spell levels left.
You knew the following spells:

 Your Spells              Type           Power      Damage    Failure   Level
a - Kiss of Death         Conj/Necr      28%        2d7       82%         1
b - Momentum Strike       Conj/Tloc      14%        3d8       91%         2
c - Wereblood             Tmut           1%         N/A       99%         2
d - Hailstorm             Conj/Ice       7%         3d4       99%         3
e - Call Canine Familiar  Summ           1%         N/A       100%        3

Your spell library contained the following spells:

 Spells                   Type           Power      Damage    Failure   Level
 Cigotuvi's Dreadful Rot  Necr/Pois/Air  2%         N/A       99%         2
 Sublimation of Blood     Necr           1%         N/A       99%         2
 Inner Flame              Hex/Fire       1%         N/A       100%        3
 Sigil of Binding         Hex            1%         N/A       100%        3
 Animate Armour           Summ/Erth      2%         N/A       100%        4
 Dimensional Bullseye     Hex/Tloc       0%         N/A       100%        4
 Dispel Undead            Necr           1%         3d6       100%        4
 Leda's Liquefaction      Hex/Erth       0%         N/A       100%        4
 Summon Lightning Spire   Summ/Air       1%         N/A       100%        4
 Lee's Rapid Deconstruct  Erth           0%         3d4*      100%        5
 Yara's Violent Unravell  Hex/Tmut       0%         3d3       100%        5
 Death Channel            Necr           0%         N/A       100%        6
 Enfeeble                 Hex            0%         N/A       100%        7
 Summon Hydra             Summ           0%         N/A       100%        7


Dungeon Overview and Level Annotations

Branches:
Dungeon (8/15)             Temple (1/1) D:5            Lair (0/5) D:8
Ossuary (visited)

Altars:
Ashenzari
Elyvilon
Fedhas
Gozag
Hepliaklqana
Kikubaaqudgha
Makhleb
Nemelex Xobeh
Qazlal
Ru
Sif Muna
Trog
Uskayaw
Vehumet
Wu Jian
Yredelemnul
Zin
The Shining One

Shops:
D:4 (   D:6 ?

Annotations:
Temple 2 transporters


Innate Abilities, Weirdness & Mutations

You have a beak for a mouth.
You have claws for feet.
Your magical flight helps you evade attacks. (EV +4)
You can magically evade attacks while moving or waiting.


Message History

The wyvern is moderately wounded.
The wyvern bites you! The yak gores you but does no damage.
The yak gores the fungus!
The wyvern bites you.
The wight hits the plant with a +5 great sword!
The yak gores you.
* * * LOW HITPOINT WARNING * * *
The yak gores the fungus!
The fungus begins to die.
You barely miss the wyvern. Your kick misses the wyvern.
The wyvern is moderately wounded.
A nearby fungus withers and dies.
A nearby plant withers and dies.
The wyvern bites you!
* * * LOW HITPOINT WARNING * * *
The yak gores you but does no damage.
You hit the wyvern but do no damage. You claw the wyvern.
The wyvern is moderately wounded.
The wyvern completely misses you. The wyvern misses you. The yak gores you!
Elyvilon protects you from harm! The yak misses you.
You feel much better.
A nearby plant withers and dies.
The wyvern closely misses you. The yak barely misses you.
You block the yak's attack. The wight hits you but does no damage.
You puncture the yak! You claw the yak.
The yak is moderately wounded.
The wyvern bites you but does no damage. x2
The yak gores you! The yak barely misses you. The yak closely misses you.
The wight barely misses you.
You hit the yak. You claw the yak, but do no damage. You peck the yak.
The yak is heavily wounded.
A nearby fungus withers and dies.
The wyvern bites you!
* * * LOW HITPOINT WARNING * * *
The yak barely misses you. The yak closely misses you.
The wight hits you with a +5 great sword!
* * * LOW HITPOINT WARNING * * *
The yak gores you but does no damage.
You barely miss the yak. You claw the yak!
The yak is severely wounded.
The wyvern bites you but does no damage.
You block the wyvern's attack. You block the yak's attack.
The yak barely misses you. The yak gores you!
You die...

.....#.)..#
...........##†###
........P..#...# ..
........♣..#...# ...
P...♣P....P#...#....
..P...♣..P.#'###....
...>....♣P♣.........
......YYYP..........
..P...l@............
..♣...z...+.........
....PP....#.........
P..P....P.#.........
P.♣.P.P...#.........
......##..#.........
.#.... #..+)........
#.... '..#.....####
#.....#


You could see 3 yaks, a wyvern and a wight.

Vanquished Creatures
  Joseph (D:7)
  Sigmund (D:3)
  A yak (D:8)
  A basilisk (D:8)
  4 water moccasins
  3 ice beasts
  A sky beast (D:6)
  A black bear (D:8)
  2 centaurs
  3 ogres
  4 phantoms
  2 kobold brigands
  4 bullfrogs
  12 scorpions
  2 howler monkeys (D:8)
  2 centaur zombies (Ossuary)
  4 human zombies (Ossuary)
  4 jellies
  4 orc priests
  Crazy Yiuf (D:3)
  5 hounds
  6 iguanas
  5 orc wizards
  4 scorpion zombies (Ossuary)
  3 mummies (Ossuary)
  Robin (D:3)
  3 gnolls (D:5)
  7 adders
  6 white imps
  2 ufetubi (D:6)
  A worm (D:2)
  3 dart slugs
  19 orcs
  7 ball pythons
  13 endoplasms
  5 giant cockroaches
  A gnoll zombie (Ossuary)
  15 goblins
  8 hobgoblins
  4 jackals (D:2)
  14 kobolds
  5 quokkas
  5 bats
  3 goblin zombies (Ossuary)
  3 hobgoblin zombies (Ossuary)
  3 orc zombies (Ossuary)
  6 rats
214 creatures vanquished.

Notes
Turn   | Place    | Note
-------+----------+-------------------------------------------
     0 | D:1      | foggymo the Tengu Reaver began the quest for the Orb.
     0 | D:1      | Reached XP level 1. HP: 12/12 MP: 4/4
    55 | D:1      | Reached XP level 2. HP: 14/17 MP: 6/6
    67 | D:1      | Learned a level 2 spell: Momentum Strike
    70 | D:1      | Learned a level 2 spell: Wereblood
   604 | D:1      | Reached XP level 3. HP: 21/21 MP: 7/7
   798 | D:2      | Reached XP level 4. HP: 27/27 MP: 8/8
   965 | D:2      | Reached skill level 1 in Armour
  1073 | D:2      | Found a sacrificial altar of Ru.
  1217 | D:2      | Found a faded altar of an unknown god.
  1219 | D:2      | Prayed at the altar of an unknown god.
  1219 | D:2      | Became a worshipper of Elyvilon the Healer
  1219 | D:2      | Reached * piety under Elyvilon
  1356 | D:3      | Noticed Sigmund
  1375 | D:3      | Killed Sigmund
  1376 | D:3      | Reached skill level 5 in Axes
  1376 | D:3      | Reached XP level 5. HP: 32/32 MP: 9/9
  1376 | D:3      | Reached XP level 6. HP: 37/37 MP: 10/10
  1408 | D:3      | Identified the +2 hat of Ysiaduots {MP+9 Str-5 Stlth+}
  1540 | D:3      | Noticed Robin
  1600 | D:3      | Found a radiant altar of Vehumet.
  1617 | D:3      | Killed Robin
  1677 | D:3      | Found an ornate altar of the Wu Jian Council.
  1682 | D:3      | Noticed a spectral centipede
  1682 | D:3      | Noticed a spectral black mamba
  1682 | D:3      | Noticed a spectral cane toad
  1827 | D:3      | Reached ** piety under Elyvilon
  2173 | D:3      | Found a runed translucent door.
  2174 | D:3      | Noticed Crazy Yiuf
  2182 | D:3      | Killed Crazy Yiuf
  2315 | D:4      | Reached skill level 1 in Polearms
  2321 | D:4      | Gained mutation: Your magical flight helps you evade
                  | attacks. (EV +4) [Tengu growth]
  2321 | D:4      | Reached XP level 7. HP: 18/41 MP: 11/11
  2701 | D:4      | Found a sand-covered staircase.
  2711 | Ossuary  | Entered an ossuary
  2726 | Ossuary  | Reached skill level 1 in Maces & Flails
  2789 | Ossuary  | Reached skill level 2 in Maces & Flails
  2789 | Ossuary  | Reached XP level 8. HP: 48/48 MP: 12/12
  2808 | Ossuary  | Reached skill level 3 in Maces & Flails
  2865 | Ossuary  | Reached skill level 4 in Maces & Flails
  2989 | Ossuary  | Reached skill level 5 in Maces & Flails
  3043 | Ossuary  | Reached skill level 1 in Invocations
  3329 | D:4      | Reached skill level 5 in Fighting
  3329 | D:4      | Reached XP level 9. HP: 49/54 MP: 13/13
  3337 | D:4      | Reached skill level 6 in Maces & Flails
  3423 | D:4      | Found Zeg Pec's Antique Weapon Emporium.
  3424 | D:4      | Reached *** piety under Elyvilon
  3432 | D:4      | Bought a glowing sling for 139 gold pieces
  3506 | D:5      | Entered Level 5 of the Dungeon
  3528 | D:5      | Found a staircase to the Ecumenical Temple.
  3583 | Temple   | Found a transporter.
  3583 | Temple   | Found a transporter.
  3583 | Temple   | Found a transporter.
  3583 | Temple   | Found a transporter.
  3583 | Temple   | Entered the Ecumenical Temple
  3685 | D:5      | Learned a level 3 spell: Hailstorm
  3689 | D:5      | Learned a level 3 spell: Call Canine Familiar
  4008 | D:5      | Reached skill level 1 in Ranged Weapons
  4112 | D:5      | Reached skill level 5 in Armour
  4240 | D:5      | Reached skill level 1 in Shields
  4673 | D:6      | Reached skill level 7 in Maces & Flails
  4803 | D:6      | Reached **** piety under Elyvilon
  5009 | D:6      | Reached skill level 1 in Stealth
  5041 | D:6      | Found Qocotwi's Magic Scroll Shop.
  5046 | D:6      | Bought a scroll of identify for 28 gold pieces
  5046 | D:6      | Bought a scroll of identify for 28 gold pieces
  5132 | D:6      | Reached skill level 5 in Dodging
  5158 | D:6      | Reached skill level 8 in Maces & Flails
  5362 | D:7      | Reached XP level 10. HP: 57/60 MP: 14/14
  5542 | D:7      | Reached skill level 1 in Evocations
  5567 | D:7      | Noticed Joseph
  5577 | D:7      | Killed Joseph
  5751 | D:7      | Found a sparkling altar of Nemelex Xobeh.
  5971 | D:8      | Reached ***** piety under Elyvilon
  5995 | D:8      | Reached skill level 9 in Maces & Flails
  6092 | D:8      | Found a staircase to the Lair.
  6102 | D:8      | HP: 3/61 [wyvern (13)]
  6103 | D:8      | Elyvilon protects you from harm!
  6107 | D:8      | Slain by a yak

Illustrated notes

Levels and vault maps discovered:
D:1:      eino_arrival_tree_alley, layout_loops_ring, serial_forest,
          infiniplex_forest_lined_ring, infiniplex_forest_clump_diagonal,
          infiniplex_forest_fountain, infiniplex_forest_clump_cross,
          infiniplex_forest_clump_small, supply_closet_lemuel,
          minmay_octomino_e4
D:2:      layout_rooms, chequers_ecumenical_altar_twisty, basic_altar
D:3:      layout_loops_ring, vehumet_crystals, pdpol_wu_jian_five_deadly_venoms,
          minmay_misc_feat_more_columns, grunt_decor_fettered,
          chequers_serial_rivers_room_a, uniq_crazy_yiuf_cottage, uniq_robin,
          uniq_sigmund
D:4:      layout_cave_pools, serial_shops, nicolae_shop_tiny_statue_garden,
          mainiacjoe_ossuary_entry_dusty_tomb
D:5:      layout_loops_corners, minmay_temple_entry_large_hall, serial_bayou,
          serial_bayou_pond_d, serial_bayou_lake_a, serial_bayou_lagoon_a,
          serial_bayou_crossing
D:6:      layout_loops_ring, serial_shops, nicolae_shop_pleasant_corner_grove,
          minmay_between
D:7:      layout_cave_pools, nemelex_diamond_rough_becter, uniq_joseph
D:8:      layout_gridville, minmay_lair_entry_grove, minmay_manual_moon
Temple:   hellmonk_temple_divided_pantheon

Skill      XL: |  1  2  3  4  5  6  7  8  9 10 |
---------------+-------------------------------+-----
Axes           | 4 5 6 |  6.0
Armour         | 2 3 5 6 |  6.4
Fighting       | 3 5 6 |  6.6
Dodging        | 3 4 5 |  5.1
Polearms       | 1 3 |  3.9
Maces & Flails | 2 5 8 9 |  9.4
Invocations    | 1 |  1.3
Ranged Weapons | 1 |  1.1
Shields        | 1 |  1.6
Stealth        | 1 |  1.2
Evocations     | 2 |  2.9
Spellcasting   | |  2.0
Conjurations   | |  4.4

Action                     |  1- 3 |  4- 6 |  7- 9 | 10-12 || total
---------------------------+-------+-------+-------+-------++-------
  Melee: Hand axe          |    79 |    51 |       |       ||   130
         Kick              |    12 |    41 |    97 |    29 ||   179
         Peck              |     8 |    27 |    52 |    16 ||   103
         Punch             |       |     1 |     1 |       ||     2
         Halberd           |       |    81 |    47 |       ||   128
         Morningstar       |       |       |   256 |    94 ||   350
   Fire: Sling             |       |       |     3 |       ||     3
   Cast: Momentum Strike   |       |       |     2 |       ||     2
 Invoke: Purification      |       |       |     1 |       ||     1
  Evoke: Wand              |       |       |     7 |    19 ||    26
    Use: Potion            |     1 |       |     2 |     1 ||     4
         Scroll            |       |       |    11 |     1 ||    12
 Armour: Leather armour    |     6 |       |       |       ||     6
         Ring mail         |    49 |    68 |   107 |       ||   224
         Chain mail        |       |       |    53 |    76 ||   129
  Dodge: Dodged            |    51 |   101 |   256 |    58 ||   466
  Block: Buckler           |       |       |    21 |    16 ||    37

Table legend: (Time is in decaauts)
 A = Elapsed time spent in this place.
 B = Non-inter-level travel time spent in this place.
 C = Inter-level travel time spent in this place.
 D = Time resting spent in this place.
 E = Time spent auto-exploring this place.
 F = Levels seen in this place.
 G = Mean time per level.
                   A        B        C        D        E       F      G
               +--------+--------+--------+--------+--------+-----+--------+
         Total |   6202 |   2248 |   3954 |    265 |      0 |  10 |  620.2 |
       Dungeon |   5575 |   1662 |   3913 |    133 |      0 |   8 |  696.9 |
        Temple |     45 |      4 |     41 |      0 |      0 |   1 |   45.0 |
       Ossuary |    581 |    581 |      0 |    132 |      0 |   1 |  581.0 |
               +--------+--------+--------+--------+--------+-----+--------+

Top non-repeatable levels by time:
     D:5: 1114 daAuts
     D:3: 1012 daAuts
     D:1: 749 daAuts
     D:6: 696 daAuts
     D:4: 658 daAuts
     D:7: 629 daAuts
 Ossuary: 581 daAuts
     D:2: 576 daAuts
     D:8: 137 daAuts
  Temple: 45 daAuts
